 Dungeon Crawl Stone Soup version 0.28-a0-503-g83f2989fac (webtiles) character file.

Game seed: 14716237110943036527

7 Ha714701 the Shield-Bearer (level 2, -1/24 HPs)
             Began as a Human Fighter on Sept 20, 2021.
             Slain by a goblin (2 damage)
             ... on level 1 of the Dungeon.
             The game lasted 00:00:58 (194 turns).

Ha714701 the Shield-Bearer (Human Fighter)           Turns: 194, Time: 00:00:59

Health: -1/24      AC:  6    Str: 16    XL:     2   Next: 10%
Magic:  2/2        EV:  9    Int:  8    God:
Gold:   0          SH:  4    Dex: 12    Spells: 1/1 levels left

rFire   . . .      SeeInvis .   a - +0 flail
rCold   . . .      Faith    .   c - +0 buckler
rNeg    . . .      Spirit   .   b - +0 scale mail
rPois   .          Reflect  .   (no helmet)
rElec   .          Harm     .   (no cloak)
rCorr   .          Rampage  .   (no gloves)
Will    .....                   (no boots)
Stlth   ..........              (no amulet)
HPRegen 0.08/turn               (no ring)
MPRegen 0.08/turn               (no ring)

@: no status effects
A: no striking features
a: no special abilities


You were on level 1 of the Dungeon.
You visited 1 branch of the dungeon, and saw 1 of its levels.

Inventory:

Hand Weapons
 a - a +0 flail (weapon)
Armour
 b - a +0 scale mail (worn)
 c - a +0 buckler (worn)
Potions
 d - a potion of might


   Skills:
 + Level 3.1 Fighting
 + Level 2.1 Maces & Flails
 + Level 3.1 Armour
 + Level 3.2 Shields


You had one spell level left.
You didn't know any spells.
Your spell library was empty.

Dungeon Overview and Level Annotations

Branches:
Dungeon (1/15)

Altars:


Message History

The quokka is heavily wounded.
The bat barely misses you.
The quokka bites you but does no damage.
The bat hits you but does no damage. The quokka bites you.
You barely miss the bat. The bat hits you. The bat hits you but does no damage.
The bat barely misses you.
The quokka bites you but does no damage.
You thump the bat!
You kill the bat!
The quokka bites you.
* * * LOW HITPOINT WARNING * * *
The quokka completely misses you.
You hit the quokka.
You kill the quokka!
You closely miss the goblin. The goblin hits you but does no damage.
You miss the frilled lizard.
The frilled lizard bites you but does no damage.
The goblin hits you with a +0 club.
* * * LOW HITPOINT WARNING * * *
The frilled lizard bites you but does no damage.
You thump the frilled lizard!
You kill the frilled lizard!
The goblin barely misses you.
You have reached level 2!
Your scale mail prevents you from hitting the hobgoblin.
You block the goblin's attack.
The hobgoblin hits you but does no damage.
The goblin hits you but does no damage.
You hit the hobgoblin.
The hobgoblin is severely wounded.
The hobgoblin barely misses you. The goblin hits you but does no damage.
The hobgoblin hits you.
* * * LOW HITPOINT WARNING * * *
You sock the hobgoblin!
You kill the hobgoblin!
The goblin hits you with a +0 club.
* * * LOW HITPOINT WARNING * * *
A goblin is nearby!
The goblin hits you with a +0 club.
You die...

...........#
.....≈≈≈≈≈§≈..#
.....≈.....≈..###
.....≈.....§....##
.....≈..≈§≈§≈≈§..#
....§≈§.≈§§§§§≈$.#
.#..§≈§...<≈..≈..###
....§§§≈≈§§≈.§§§....
.##.....@....§≈§....
........§g...§≈§....
........≈≈§≈§≈≈.....
....##.!....§.§.....
.....#..............
.. #...........#....
....##.........#....
... #.......(.# ..
.> #.......(.


You could see a goblin.

Vanquished Creatures
  A goblin (D:1)
  A hobgoblin (D:1)
  2 quokkas (D:1)
  2 bats (D:1)
  A frilled lizard (D:1)
7 creatures vanquished.

Notes
Turn   | Place    | Note
-------+----------+-------------------------------------------
     0 | D:1      | Ha714701 the Human Fighter began the quest for the Orb.
     0 | D:1      | Reached XP level 1. HP: 18/18 MP: 1/1
   191 | D:1      | Reached XP level 2. HP: 3/24 MP: 2/2
   193 | D:1      | HP: 1/24 [goblin (1)]
   194 | D:1      | Slain by a goblin

Illustrated notes

Levels and vault maps discovered:
D:1:      ebering_hopf_link, layout_rooms, hellmonk_ecumenical_altar_run_dry,
          minmay_tall_x

Action                   || total
-------------------------++-------
Melee: Flail             ||    30
Armor: Scale mail        ||    29
Dodge: Dodged            ||    17
Block: Buckler           ||    15

Table legend: (Time is in decaauts)
 A = Elapsed time spent in this place.
 B = Non-inter-level travel time spent in this place.
 C = Inter-level travel time spent in this place.
 D = Time resting spent in this place.
 E = Time spent auto-exploring this place.
 F = Levels seen in this place.
 G = Mean time per level.
                   A        B        C        D        E       F      G
               +--------+--------+--------+--------+--------+-----+--------+
         Total |    203 |    203 |      0 |      0 |    142 |   1 |  203.0 |
       Dungeon |    203 |    203 |      0 |      0 |    142 |   1 |  203.0 |
               +--------+--------+--------+--------+--------+-----+--------+

Top non-repeatable levels by time:
     D:1: 203 daAuts
